 Seeded DCSS version 0.29.1-2-gbd0b4ee654 (webtiles) character file.

Game seed: 61060 (custom seed)

3441 Ashen the Chiller (level 9, -5/68 HPs)
             Began as a Demonspawn Ice Elementalist on Oct 30, 2022.
             Was a Plaything of Xom.
             Slain by a red devil
             ... wielding a +0 trident
             ... summoned by Xom
              (14 damage)
             ... on level 9 of the Dungeon.
             The game lasted 00:20:10 (8943 turns).

Ashen the Chiller (Demonspawn Ice Elementalist)     Turns: 8943, Time: 00:20:12

Health: -5/68      AC: 10    Str:  7      XL:     9   Next: 77%
Magic:  24/26      EV: 14    Int: 25      God:    Xom [.*....]
Gold:   318        SH:  0    Dex: 12 (13) Spells: 8/19 levels left

rFire   . . .      SeeInvis .   b - +2 dagger (speed)
rCold   . . .      Faith    .   (no shield)
rNeg    . . .      Spirit   .   l - +1 leather armour "Lonticra" {rCorr Int+4}
rPois   .          Reflect  .   (no helmet)
rElec   .          Harm     .   (no cloak)
rCorr   +          Rampage  .   o - +0 pair of gloves
Will    +....                   v - +0 pair of boots
Stlth   +++.......              (no amulet)
HPRegen 0.21/turn               k - ring of magical power
MPRegen 0.20/turn               m - +4 ring of protection

@: spiked, unable to read
A: powered by death 2, sturdy frame 1, strong-willed 1, weak 1, inability to
read after injury 1
a: Renounce Religion


You were on level 9 of the Dungeon.
You worshipped Xom.
You were a plaything of Xom.
You visited 2 branches of the dungeon, and saw 10 of its levels.
You also visited: Sewer.

You collected 514 gold pieces.
You spent 196 gold pieces at shops.

Inventory:

Hand Weapons
 b - a +2 dagger of speed (weapon)
Armour
 l - the +1 leather armour "Lonticra" (worn) {rCorr Int+4}
   (You found it on level 3 of the Dungeon)

   Int:       It affects your intelligence (+4).
   rCorr:     It protects you from acid and corrosion.
 o - a +0 pair of gloves (worn)
 v - a +0 pair of boots (worn)
Magical Staves
 r - a staff of cold
Jewellery
 k - a ring of magical power (left hand)
 m - a +4 ring of protection (right hand)
Wands
 t - a wand of paralysis (8)
 x - a wand of flame (9)
Scrolls
 c - 10 scrolls of teleportation
 g - a scroll of vulnerability
 h - a scroll of noise
 i - 2 scrolls of torment
 j - 3 scrolls of butterflies
 q - 3 scrolls of fear {unknown}
 w - 2 scrolls of amnesia {unknown}
 y - a scroll of blinking {unknown}
Potions
 a - 2 potions of haste
 d - a potion of heal wounds
 e - 8 potions of curing
 f - 2 potions of resistance
 n - a potion of invisibility
 p - 2 potions of cancellation
 s - a potion of lignification {unknown}
 u - a potion of brilliance {unknown}
 z - a potion of magic
 B - a potion of might
 C - a potion of mutation {unknown}


   Skills:
 + Level 5.4 Fighting
 + Level 5.9 Dodging
 - Level 5.0 Stealth
 + Level 5.9 Spellcasting
 + Level 5.0 Conjurations
 + Level 6.7 Ice Magic


You had 8 spell levels left.
You knew the following spells:

 Your Spells              Type           Power      Damage    Failure   Level
a - Freeze                Ice            100%       1d11      1%          1
b - Frozen Ramparts       Ice            82%        1d13      1%          3
c - Ozocubu's Armour      Ice            41%        N/A       1%          3
d - Hailstorm             Conj/Ice       36%        3d9       8%          4

Your spell library contained the following spells:

 Spells                   Type           Power      Damage    Failure   Level
 Ensorcelled Hibernation  Hex/Ice        48%        N/A       3%          2
 Apportation              Tloc           14%        N/A       9%          1
 Dazzling Flash           Conj/Hex       40%        N/A       9%          3
 Spider Form              Tmut/Pois      7%         N/A       26%         3
 Anguish                  Hex/Necr       3%         N/A       63%         4
 Cause Fear               Hex            3%         N/A       63%         4
 Agony                    Necr           7%         N/A       93%         5
 Alistair's Intoxication  Tmut/Pois      4%         N/A       93%         5
 Silence                  Hex/Air        3%         N/A       93%         5
 Conjure Ball Lightning   Conj/Air       10%        3x3d6     99%         6
 Starburst                Conj/Fire      10%        6d5       99%         6
 Dispersal                Tloc           3%         N/A       100%        6
 Discord                  Hex            3%         N/A       100%        8
 Disjunction              Tloc           3%         N/A       100%        8


Dungeon Overview and Level Annotations

Branches:
Dungeon (9/15)             Temple (1/1) D:5             Orc (0/2) D:9
  Sewer (visited)
   Lair: D:8-11

Altars:
Ashenzari
Cheibriados
Dithmenos
Fedhas
Gozag
Hepliaklqana
Kikubaaqudgha
Makhleb
Nemelex Xobeh
Qazlal
Ru
Sif Muna
Trog
Uskayaw
Wu Jian
Xom
Yredelemnul

Shops:
D:2 *   D:4 ?   D:5 (

Annotations:
D:3 Sigmund
D:6 exclusion: 2 wights
D:7 Maggie
D:9 3 runed translucent doors


Innate Abilities, Weirdness & Mutations

You regenerate health from kills.
Your movements are slightly less encumbered by armour. (ER -2)
You are strong-willed. (Will+)
You are weak. (Str -2)
You occasionally lose the ability to read scrolls when taking damage.


Message History

Unknown command.
You hit the quasit but do no damage.
The quasit is almost dead.
You hear Xom's avuncular chuckle.
The death yak evaporates and reforms as a dire elephant!
You are now a plaything of Xom.
The quasit resists.
The wall freezes the quasit.
You kill the quasit!
The quasit disappears in a puff of smoke!
A death yak comes into view. x2
Unknown command.
Your frozen ramparts will break if you move.
Continue?
The dire elephant attacks as you move away!
The dire elephant completely misses you.
The dire elephant misses you.
The frozen ramparts melt away as you move.
The barbed spikes dig painfully into your body as you move.
The smoke demon gestures at you. The sticky flame misses you.
The sticky flame hits the dire elephant.
The dire elephant is covered in liquid flames!
Xom thinks this is hilarious!
The dire elephant attacks as you move away!
The dire elephant tramples you. The dire elephant trunk-slaps you.
A death yak comes into view.
The barbed spikes dig painfully into your body as you move.
The dire elephant burns!
The smoke demon hits you.
* * * LOW HITPOINT WARNING * * *
The smoke demon hits you but does no damage. x2
The red devil completely misses you.
A death yak comes into view.
There is a stone staircase leading up, spattered with blood here.
The dire elephant burns!
The smoke demon gestures at you. The ball of steam hits you!
You feel threatened and lose the ability to read scrolls!
* * * LOW HITPOINT WARNING * * *
The red devil hits you from afar with a +0 trident!
You die...
Xom laughs nastily!

#...###.#.#.....
####...##.#.#....
#....YY........###
#....Y...........##8...8##
#.....Y.........##.......#
#..............# ..._...
#...........§..# .....
#.........45§..#### ... ####+
#.........##@#....###.# #....
#.........5Y3+......#.###..#.
###..........#.#.........##..#[
.........#...#.#.......#.....#.
.........#...#.#...#########.#.
.........#####'#...# . #...
..................## ?. #...
....[.....>........# ... #...
.####..............# .... #...


You could see a dire elephant (burning), 4 death yaks, a smoke demon (summoned),
a red devil (summoned), an iron imp (summoned) and a white imp (summoned).

Vanquished Creatures
  A wyvern (D:8)
  A steam dragon (D:8)
  An acid dragon (D:8)
  2 water moccasins
  Duvessa (D:6)
  4 ice beasts
  An ogre (D:5)
  A sky beast (D:7)
  A black bear (D:8)
  An orc warrior (D:9)
  5 centaurs
  A bullfrog (D:8)
  2 necrophages
  A scorpion (D:6)
  5 wights (D:8)
  10 killer bees (D:7)
  Dowan (D:6)
  A howler monkey (D:7)
  A jelly (D:5)
  A gnoll bouda (D:6)
  An orc priest (D:9)
  4 iguanas
  3 orc wizards
  13 gnolls
  7 adders
  A shadow imp (D:6)
  3 white imps (D:6)
  2 ufetubi (D:5)
  2 worms
  2 dart slugs
  12 orcs
  2 bats (D:1)
  5 endoplasms
  6 giant cockroaches
  5 goblins
  11 hobgoblins
  4 jackals (D:2)
  5 quokkas
  11 ball pythons
  5 frilled lizards
  12 kobolds
  8 rats
166 creatures vanquished.

Vanquished Creatures (others)
  42 plants (D:2)
42 creatures vanquished.

Grand Total: 208 creatures vanquished

Notes
Turn   | Place    | Note
-------+----------+-------------------------------------------
     0 | D:1      | Ashen the Demonspawn Ice Elementalist began the quest for
                  | the Orb.
     0 | D:1      | Reached XP level 1. HP: 13/13 MP: 3/3
   122 | D:1      | Gained mutation: You regenerate a little health from kills.
                  | [demonic ancestry]
   122 | D:1      | Reached XP level 2. HP: 5/19 MP: 3/5
   768 | D:1      | Gained mutation: Your movements are slightly less
                  | encumbered by armour. (ER -2) [demonic ancestry]
   768 | D:1      | Reached XP level 3. HP: 23/24 MP: 2/6
   999 | D:2      | Found Myiskiz's General Store.
  1184 | D:2      | Reached skill level 4 in Ice Magic
  1396 | D:2      | Learned a level 3 spell: Frozen Ramparts
  1400 | D:2      | Learned a level 3 spell: Ozocubu's Armour
  1846 | D:3      | Reached XP level 4. HP: 30/30 MP: 7/7
  1871 | D:3      | Found a faded altar of an unknown god.
  1883 | D:3      | Noticed Sigmund
  2470 | D:3      | Identified the +1 leather armour "Lonticra" {rCorr Int+4}
  3452 | D:4      | Gained mutation: You regenerate health from kills. [demonic
                  | ancestry]
  3452 | D:4      | Reached XP level 5. HP: 35/35 MP: 9/9
  3841 | D:4      | Reached skill level 1 in Fighting
  3940 | D:4      | Found Ukhoywk's Magic Scroll Shoppe.
  3944 | D:4      | Bought 2 scrolls of teleportation for 84 gold pieces
  3944 | D:4      | Bought a scroll of teleportation for 42 gold pieces
  3944 | D:4      | Bought a scroll of teleportation for 42 gold pieces
  3944 | D:4      | Bought a scroll of identify for 28 gold pieces
  4078 | D:5      | Entered Level 5 of the Dungeon
  4091 | D:5      | Found Lolujezo's Weapon Shoppe.
  4131 | D:5      | Reached XP level 6. HP: 27/43 MP: 10/10
  4280 | D:5      | Noticed an ice beast
  4404 | D:5      | Found a staircase to the Ecumenical Temple.
  4416 | Temple   | Entered the Ecumenical Temple
  4466 | D:5      | Found a glowing drain.
  4475 | Sewer    | Entered a sewer
  4481 | Sewer    | Learned a level 4 spell: Hailstorm
  4508 | Sewer    | Noticed a water moccasin
  4518 | Sewer    | Killed a water moccasin
  4638 | D:5      | Reached skill level 1 in Conjurations
  4638 | D:5      | Reached XP level 7. HP: 50/50 MP: 12/12
  5149 | D:5      | Found a basalt altar of Yredelemnul.
  5405 | D:6      | Reached skill level 5 in Ice Magic
  5762 | D:5      | Reached XP level 8. HP: 57/57 MP: 14/14
  6194 | D:6      | Found a stormy altar of Qazlal.
  6273 | D:6      | Noticed Duvessa
  6273 | D:6      | Noticed Dowan
  6428 | D:6      | Killed Duvessa
  6430 | D:6      | Killed Dowan
  6775 | D:7      | Reached skill level 5 in Stealth
  7357 | D:7      | Reached skill level 5 in Spellcasting
  7359 | D:7      | Reached skill level 5 in Dodging
  7359 | D:7      | Reached skill level 6 in Ice Magic
  7359 | D:7      | Reached XP level 9. HP: 54/65 MP: 16/16
  7538 | D:7      | Noticed Maggie
  7928 | D:8      | Found a burning altar of Makhleb.
  7999 | D:8      | Found a sacrificial altar of Ru.
  8112 | D:8      | Got the Excursus on Scorching Guile
  8411 | D:8      | Found a shimmering altar of Xom.
  8421 | D:8      | Became a worshipper of Xom the Fickle
  8426 | D:8      | XOM: potion effect (berserk rage)
  8430 | D:8      | XOM: potion effect (heal wounds)
  8435 | D:8      | Reached skill level 5 in Fighting
  8437 | D:8      | XOM: potion effect (haste)
  8443 | D:8      | XOM: potion effect (might)
  8447 | D:8      | XOM: potion effect (curing)
  8448 | D:8      | XOM: potion effect (heal wounds)
  8732 | D:9      | XOM: give mutations
  8732 | D:9      | Gained mutation: You are weak. (Str -2) [Xom's mischief]
  8732 | D:9      | Gained mutation: You occasionally lose the ability to read
                  | scrolls when taking damage. [Xom's mischief]
  8732 | D:9      | Gained mutation: You are strong-willed. (Will+) [Xom's
                  | mischief]
  8736 | D:9      | Reached skill level 5 in Conjurations
  8876 | D:9      | Found an ornate altar of the Wu Jian Council.
  8886 | D:9      | Found a staircase to the Orcish Mines.
  8892 | D:9      | Found a runed translucent gate.
  8892 | D:9      | Found a runed translucent gate.
  8892 | D:9      | Found a runed translucent gate.
  8921 | D:9      | Noticed a death yak
  8928 | D:9      | XOM: summons 5 hostile demons
  8929 | D:9      | Noticed a smoke demon
  8929 | D:9      | Noticed a red devil
  8934 | D:9      | XOM: confusion
  8940 | D:9      | Noticed a dire elephant
  8940 | D:9      | a death yak changed into a dire elephant
  8940 | D:9      | XOM: polymorph death yak -> dire elephant
  8940 | D:9      | Noticed a death yak
  8940 | D:9      | Noticed a death yak
  8942 | D:9      | Noticed a death yak
  8942 | D:9      | Noticed a death yak
  8943 | D:9      | Slain by a red devil

Illustrated notes

Levels and vault maps discovered:
D:1:      erik_arrival_blinker_ship, layout_rooms
D:2:      layout_basic, serial_shops, shop_fountains, serial_bayou_lagoon_a
D:3:      layout_rooms, serial_glass, glass_columns_a, glass_columns_a,
          ebering_ecumenical_altar_mist, wad_floor_pattern_untrapped,
          dk_noncrumbling_3, uniq_sigmund
D:4:      layout_basic, lemuel_doored_altar, serial_shops, nicolae_shop_crystal
D:5:      layout_loops_ring, mainiacjoe_overflow_alcove_4,
          minmay_temple_entry_mini_moons, serial_shops,
          nicolae_inconvenience_store, cheibrodos_sewer_entry_drain
D:6:      layout_loops_ring, kennysheep_mini, uniq_duvessa
D:7:      layout_cave_pods, uniq_maggie
D:8:      nicolae_whirlpool, layout_cave_pools,
          nicolae_ru_great_annihilating_truth, xom_butterflies,
          mainiacjoe_overflow_large_starburst
D:9:      layout_basic, lemuel_round_altar, nzn_wu_jian_council_hall,
          dpeg_lair_monsters, orc_0_dummy, gammafunk_ghost_necromancy
Temple:   nicolae_temple_no_exploring_needed

Skill      XL: |  1  2  3  4  5  6  7  8  9 |
---------------+----------------------------+-----
Stealth        | 2 3 4 5 |  5.0
Dodging        | 2 3 4 5 |  5.9
Ice Magic      | 4 5 6 |  6.7
Spellcasting   | 3 4 5 |  5.9
Fighting       | 1 2 4 5 |  5.4
Conjurations   | 1 2 3 5 |  5.0

Action                   |  1- 3 |  4- 6 |  7- 9 || total
-------------------------+-------+-------+-------++-------
Melee: Unarmed           |     6 |       |       ||     6
       Dagger            |    32 |    67 |   229 ||   328
       Staff             |       |       |    27 ||    27
       Punch             |       |       |     5 ||     5
 Cast: Freeze            |    67 |    45 |    42 ||   154
       Frozen Ramparts   |       |     4 |    12 ||    16
       Ozocubu's Armour  |       |     3 |    11 ||    14
       Hailstorm         |       |       |     4 ||     4
Evoke: Wand              |       |       |     6 ||     6
  Use: Potion            |     1 |       |     4 ||     5
       Scroll            |       |     8 |     4 ||    12
 Stab: Sleeping          |     3 |     6 |     9 ||    18
       Distracted        |     1 |       |       ||     1
       Invisible         |       |       |     3 ||     3
Armor: Robe              |    12 |     1 |       ||    13
       Leather armour    |       |    34 |   117 ||   151
Dodge: Dodged            |    47 |    57 |   229 ||   333
